 Dungeon Crawl Stone Soup version 0.30-a0-42-g806c11bf1d (webtiles) character file.

Game seed: 17361437311705232831

44 fozzywoppz the Shield-Bearer (level 3, 0/32 (33) HPs)
             Began as a Minotaur Fighter on Aug 30, 2022.
             Slain by Terence
             ... wielding a +0 mace
              (8 damage)
             ... on level 2 of the Dungeon.
             The game lasted 00:01:37 (735 turns).

fozzywoppz the Shield-Bearer (Minotaur Fighter)      Turns: 735, Time: 00:01:37

HP:   0/32 (33)     AC:  7    Str: 22    XL:     3   Next: 39%
MP:   2/2           EV: 10    Int:  5    God:
Gold: 84            SH:  4    Dex:  9    Spells: 2/2 levels left

rFire   . . .      SeeInvis .    a - +0 war axe
rCold   . . .      Faith    .    c - +0 buckler
rNeg    . . .      Spirit   .    l - +2 ring mail {Will+}
rPois   .          Reflect  .    (helmet restricted)
rElec   .          Harm     .    (no cloak)
rCorr   .          Rampage  .    (no gloves)
Will    +....                    (no boots)
Stlth   ..........               (no amulet)
HPRegen 0.10/turn                (no ring)
MPRegen 0.08/turn                (no ring)

@: lightly drained
A: horns 2, retaliatory headbutt
a: no special abilities


You were on level 2 of the Dungeon.
You visited 1 branch of the dungeon, and saw 2 of its levels.

You collected 84 gold pieces.

Inventory:

Hand Weapons
 a - a +0 war axe (weapon)
 k - a +1 dagger of draining
Armour
 c - a +0 buckler (worn)
 l - a +2 ring mail of willpower (worn)
Scrolls
 g - a scroll of magic mapping {unknown}
 h - 2 scrolls of fear {unknown}
 i - 2 scrolls of noise {unknown}
 j - a scroll of blinking {unknown}
Potions
 d - a potion of might
 e - a potion of curing {unknown}
 f - a potion of magic {unknown}


   Skills:
 + Level 4.0 Fighting
 + Level 3.4 Axes
 - Level 4.0 Armour
 + Level 0.3 Dodging
 + Level 4.2 Shields


You had 2 spell levels left.
You didn't know any spells.
Your spell library contained the following spells:

 Spells                   Type           Power      Damage    Failure   Level
 Necrotise                Necr           0%         1d4       73%         1
 Vampiric Draining        Necr           0%         2d6       97%         3
 Agony                    Necr           0%         N/A       100%        5


Dungeon Overview and Level Annotations

Branches:
Dungeon (2/15)

Altars:

Annotations:
D:2 Terence


Innate Abilities, Weirdness & Mutations

You have a pair of horns on your head.
You reflexively headbutt those who attack you in melee.


Message History

No target in view!
No target in view!
No target in view!
Done exploring.
Done exploring.
You see here a hobgoblin corpse.
You see here a dart slug corpse.
There is a stone staircase leading down here.
You climb downwards.
Found 2 stones.
Found a stone staircase leading down.
There is a stone staircase leading up here.
You now have 84 gold pieces (gained 14).
A hobgoblin comes into view.
The hobgoblin shouts!
The hobgoblin hits you but does no damage.
You barely miss the hobgoblin.
The hobgoblin hits you but does no damage.
You slash the hobgoblin!
You kill the hobgoblin!
Found a dagger.
Found an escape hatch in the ceiling.
No target in view!
No target in view!
No target in view!
Terence the Incautious comes into view.
He is wielding a +0 mace.
Found a scroll labelled DAGUEN POUWUO.
Terence shouts!
Terence drinks a potion.
Terence seems to speed up.
Terence is nearby!
Terence shouts, "Get ready for death!"
No target in view!
Unknown command.
Terence hits you with a +0 mace. Terence hits you with a +0 mace!
You hit Terence but do no damage. Terence hits you with a +0 mace.
You block Terence's attack.
You closely miss Terence. Terence hits you with a +0 mace. x2
You barely miss Terence. Terence hits you with a +0 mace.
* * * LOW HITPOINT WARNING * * *
Terence hits you with a +0 mace!
You die...

#. #. .# #. .# ### #.
..# ...#. ..# #.#.##..#
####.?.....#.#
......@@....#
#######.#.##.#
#############.#)##.#
#..................#
####.##################
.....# ######


You could see Terence (fast).

Vanquished Creatures
  2 dart slugs (D:1)
  3 ball pythons (D:1)
  3 bats (D:1)
  3 endoplasms (D:1)
  2 giant cockroaches (D:1)
  5 goblins (D:1)
  6 hobgoblins
  3 kobolds (D:1)
  A quokka (D:1)
  2 frilled lizards (D:1)
  3 rats (D:1)
33 creatures vanquished.

Notes
Turn   | Place    | Note
-------+----------+-------------------------------------------
     0 | D:1      | fozzywoppz the Minotaur Fighter began the quest for the
                  | Orb.
     0 | D:1      | Reached XP level 1. HP: 19/19 MP: 0/0
   108 | D:1      | Reached XP level 2. HP: 26/27 MP: 1/1
   123 | D:1      | Found a faded altar of an unknown god.
   329 | D:1      | Reached XP level 3. HP: 30/33 MP: 2/2
   729 | D:2      | Noticed Terence
   735 | D:2      | Slain by Terence

Illustrated notes

Levels and vault maps discovered:
D:1:      dpeg_arrival_short_road, layout_rooms, serial_glass, glass_columns_a,
          glass_columns_a, glass_columns_a, glass_columns_a, glass_columns_a,
          basic_ecumenical_altar
D:2:      layout_loops_ring, uniq_jessica, uniq_terence

Skill      XL: |  1  2  3 |
---------------+----------+-----
Shields        | 4 |  4.2
Armour         | 4 |  4.0
Axes           | 3 |  3.4
Fighting       | 4 |  4.0
Dodging        | |  0.3

Action                   || total
-------------------------++-------
Melee: War axe           ||    60
       Headbutt          ||     7
Armor: Scale mail        ||    32
       Ring mail         ||     2
Dodge: Dodged            ||    39
Block: Buckler           ||    10

Table legend: (Time is in decaauts)
 A = Elapsed time spent in this place.
 B = Non-inter-level travel time spent in this place.
 C = Inter-level travel time spent in this place.
 D = Time resting spent in this place.
 E = Time spent auto-exploring this place.
 F = Levels seen in this place.
 G = Mean time per level.
                   A        B        C        D        E       F      G
               +--------+--------+--------+--------+--------+-----+--------+
         Total |    758 |    733 |     25 |      0 |    529 |   2 |  379.0 |
       Dungeon |    758 |    733 |     25 |      0 |    529 |   2 |  379.0 |
               +--------+--------+--------+--------+--------+-----+--------+

Top non-repeatable levels by time:
     D:1: 718 daAuts
     D:2: 40 daAuts
